 Dungeon Crawl Stone Soup version 0.27-a0-385-g3208abaabc (webtiles) character file.

Game seed: 3275256782622997817

30 Xavori the Skirmisher (level 3, 23/29 HPs)
             Began as a Demonspawn Chaos Knight on Feb 19, 2021.
             Was a Plaything of Xom.
             Quit the game on level 2 of the Dungeon.
             The game lasted 00:00:37 (775 turns).

Xavori the Skirmisher (Demonspawn Chaos Knight)      Turns: 775, Time: 00:00:37

Health: 23/29      AC:  5    Str: 13    XL:     3   Next: 5%
Magic:  3/3        EV: 11    Int: 13    God:    Xom [..*...]
Gold:   53         SH:  4    Dex: 12    Spells: 2/2 levels left

rFire    . . .     SeeInvis .   a - +0 falchion (chaos)
rCold    . . .     Faith    .   (no shield)
rNeg     . . .     Spirit   .   b - +2 leather armour
rPois    .         Reflect  .   (helmet restricted)
rElec    .         Harm     .   (no cloak)
rCorr    .         Rampage  .   (no gloves)
Will     .....                  (no boots)
Stlth    +.........             (no amulet)
HPRegen  0.09/turn              (no ring)
MPRegen  0.08/turn              (no ring)

@: no status effects
A: antennae 1, large bone plates 1
a: Renounce Religion


You were on level 2 of the Dungeon.
You worshipped Xom.
You were a toy of Xom.
You visited 1 branch of the dungeon, and saw 2 of its levels.

You collected 53 gold pieces.

Inventory:

Hand Weapons
 a - a +0 falchion of chaos (weapon)
Armour
 b - a +2 leather armour (worn)
Scrolls
 c - a scroll of fear {unknown}
 e - a scroll of identify {unknown}
 f - a scroll of immolation {unknown}
Potions
 d - 2 potions of curing {unknown}


   Skills:
 + Level 3.4 Fighting
 + Level 3.4 Long Blades
 + Level 1.9 Armour
 + Level 1.0 Dodging


You had 2 spell levels left.
You didn't know any spells.
Your spell library was empty.

Dungeon Overview and Level Annotations

Branches:
Dungeon (2/15)

Altars:


Innate Abilities, Weirdness & Mutations

You have a pair of small antennae on your head.
You are partially covered in large bone plates. (SH +4)


Message History

What level of the Dungeon? (default 1, ? - help)
There is a stone staircase leading down here.
You climb downwards.
A rat and a hobgoblin come into view.
The hobgoblin shouts!
Found a brown potion, 15 gold pieces and a bubbling white potion.
Found an escape hatch in the floor.
Found a stone staircase leading down.
There is a stone staircase leading up here.
There are monsters nearby!
The rat bites you but does no damage.
You completely miss the rat. The rat bites you but does no damage.
You hit the rat.
The rat is heavily wounded.
The rat bites you but does no damage.
You hit the rat.
You kill the rat!
The hobgoblin hits you with a +0 club.
Unknown command.
You hit the hobgoblin.
The hobgoblin is poisoned.
The hobgoblin is heavily wounded.
The hobgoblin hits you with a +0 club.
Unknown command.
You closely miss the hobgoblin.
The hobgoblin is heavily wounded.
The hobgoblin hits you with a +0 club.
Unknown command.
You closely miss the hobgoblin.
The hobgoblin is heavily wounded.
You block the hobgoblin's attack.
You slash the hobgoblin!
Lightning courses through the hobgoblin!
You kill the hobgoblin!
A kobold comes into view.
A kobold is nearby!
A kobold is nearby!
The kobold shouts!
A kobold is nearby!
The kobold throws a stone.
The stone closely misses you. The kobold hits you.
Are you sure you want to abandon this character and quit the game? (Confirm with "yes".)

##.#.# #
#...#.# ##.
....... ...
.......
#.#### .....
#...>##...
##..!..#K#
##...#..@.#
###.....!...#
............#
##.....<...#
##...)...##
..>.......##
.####.....#
#..$..#
###.###


You could see a kobold.

Vanquished Creatures
  A ball python (D:1)
  5 giant cockroaches (D:1)
  5 goblins (D:1)
  4 hobgoblins
  4 bats (D:1)
  2 frilled lizards (D:1)
  8 rats
29 creatures vanquished.

Notes
Turn   | Place    | Note
-------+----------+-------------------------------------------
     0 | D:1      | Xavori the Demonspawn Chaos Knight began the quest for the
                  | Orb.
     0 | D:1      | Reached XP level 1. HP: 18/18 MP: 1/1
    94 | D:1      | Gained mutation: You are partially covered in large bone
                  | plates. (SH +4) [demonic ancestry]
    94 | D:1      | Reached XP level 2. HP: 24/24 MP: 2/2
   513 | D:1      | XOM: 4-stop teleportation journey
   582 | D:1      | Reached skill level 1 in Dodging
   640 | D:1      | Gained mutation: You have a pair of small antennae on your
                  | head. [demonic ancestry]
   640 | D:1      | Reached XP level 3. HP: 29/29 MP: 3/3
   775 | D:2      | Quit the game

Illustrated notes

Levels and vault maps discovered:
D:1:      mainiacjoe_arrival_reflecting_pool, layout_loops_ring, st_stairs_14
D:2:      lemuel_upstairs_altar, layout_loops_ring,
          nicolae_gozag_cash_rules_everything_around_me, elyvilon_altar_1

Skill      XL: |  1  2 |
---------------+-------+-----
Long Blades    | 3 |  3.4
Dodging        | 1 |  1.0
Fighting       | |  3.4
Armour         | |  1.9

Action                   || total
-------------------------++-------
Melee: Falchion          ||    65
Armor: Leather armour    ||    21
Dodge: Dodged            ||    49
Block: Other             ||    12
       Rpst.: Falchion   ||    16

Table legend: (Time is in decaauts)
 A = Elapsed time spent in this place.
 B = Non-inter-level travel time spent in this place.
 C = Inter-level travel time spent in this place.
 D = Time resting spent in this place.
 E = Time spent auto-exploring this place.
 F = Levels seen in this place.
 G = Mean time per level.
                   A        B        C        D        E       F      G
               +--------+--------+--------+--------+--------+-----+--------+
         Total |    784 |    759 |     25 |      0 |    621 |   2 |  392.0 |
       Dungeon |    784 |    759 |     25 |      0 |    621 |   2 |  392.0 |
               +--------+--------+--------+--------+--------+-----+--------+

Top non-repeatable levels by time:
     D:1: 771 daAuts
     D:2: 12 daAuts
